 Dungeon Crawl Stone Soup version 0.29-a0-520-gc852659d43 (webtiles) character file.

Game seed: 3262857648588180229

58 Bruhh the Grave Robber (level 4, 0/39 HPs)
             Began as an Ogre Necromancer on May 31, 2022.
             Splashed by a jelly's acid (4 damage)
             ... on level 2 of the Dungeon.
             The game lasted 00:02:27 (2352 turns).

Bruhh the Grave Robber (Ogre Necromancer)           Turns: 2352, Time: 00:02:27

Health: 0/39       AC: -1    Str: 12    XL:     4   Next: 1%
Magic:  2/9        EV:  9    Int: 18    God:
Gold:   78         SH:  0    Dex:  9    Spells: 6/10 levels left

rFire   . . .      SeeInvis .   m - +1 dagger (drain)
rCold   . . .      Faith    .   (no shield)
rNeg    . . .      Spirit   .   a - +0 robe
rPois   .          Reflect  .   (helmet restricted)
rElec   .          Harm     .   (no cloak)
rCorr   .          Rampage  .   (gloves unavailable)
Will    .....                   (boots unavailable)
Stlth   +.........              (no amulet)
HPRegen 0.13/turn               (no ring)
MPRegen 0.11/turn               (no ring)

@: corroded
A: large, unfitting armour, tough skin 1
a: no special abilities


You were on level 2 of the Dungeon.
You visited 1 branch of the dungeon, and saw 2 of its levels.

You collected 78 gold pieces.

Inventory:

Hand Weapons
 m - a +1 dagger of draining (weapon)
Missiles
 h - a throwing net
Armour
 a - a +0 robe (worn)
Jewellery
 l - a ring of see invisible
Wands
 k - a wand of flame (17)
Scrolls
 d - a scroll of noise {unknown}
 f - a scroll of poison {unknown}
 i - 5 scrolls of identify {unknown}
Potions
 b - a potion of magic
 c - a potion of haste {unknown}
 e - a potion of flight {unknown}
 g - a potion of degeneration {unknown}
 j - a potion of heal wounds {unknown}


   Skills:
 - Level 1.7 Dodging
 - Level 1.4 Stealth
 + Level 3.7 Spellcasting
 + Level 4.3 Necromancy


You had 6 spell levels left.
You knew the following spells:

 Your Spells              Type           Power      Damage    Failure   Level
a - Necrotize             Necr           76%        1d7       2%          1
b - Vampiric Draining     Necr           19%        2d7       8%          3

Your spell library contained the following spells:

 Spells                   Type           Power      Damage    Failure   Level
 Animate Dead             Necr           19%        N/A       26%         4
 Agony                    Necr           19%        N/A       56%         5


Dungeon Overview and Level Annotations

Branches:
Dungeon (2/15)

Altars:


Innate Abilities, Weirdness & Mutations

You are too large for most types of armour.
You have tough skin. (AC +1)


Message History

You are too injured to fight recklessly!
Casting: Necrotize (safe; 2% risk of failure)
Confirm with . or Enter, or press ? or * to list all spells.
Aiming: Necrotize (safe; 2% risk of failure)
Press: ? - help, Shift-Dir - straight line, f/p - jelly
Aim: a jelly (lightly wounded, chance to affect: 84%)
The jelly writhes in agony.
The jelly barely misses you.
An endoplasm comes into view.
Casting: Necrotize (safe; 2% risk of failure)
Confirm with . or Enter, or press ? or * to list all spells.
Aiming: Necrotize (safe; 2% risk of failure)
Press: ? - help, Shift-Dir - straight line, f/p - jelly
Aim: a jelly (lightly wounded, chance to affect: 84%)
The jelly writhes in agony.
The jelly hits you but does no damage.
Casting: Necrotize (safe; 2% risk of failure)
Confirm with . or Enter, or press ? or * to list all spells.
Aiming: Necrotize (safe; 2% risk of failure)
Press: ? - help, Shift-Dir - straight line, f/p - jelly
Aim: a jelly (moderately wounded, chance to affect: 84%)
The jelly writhes in agony.
The jelly hits you. The acid corrodes you!
You are splashed with acid!
* * * LOW HITPOINT WARNING * * *
Unknown command.
Casting: Necrotize (safe; 2% risk of failure)
Confirm with . or Enter, or press ? or * to list all spells.
Aiming: Vampiric Draining (dangerous; 8% risk of failure)
Press: ? - help, Shift-Dir - straight line, f/p - jelly
Aim: a jelly (heavily wounded)
You draw life force from the jelly!
You feel life coursing into your body. The jelly hits you.
* * * LOW HITPOINT WARNING * * *
You are splashed with acid.
* * * LOW HITPOINT WARNING * * *
Casting: Vampiric Draining (dangerous; 8% risk of failure)
Confirm with . or Enter, or press ? or * to list all spells.
You don't have enough magic to cast this spell.
Unknown command.
Unknown command.
You hit the jelly but do no damage.
Your hands burn!
You die...

#.#.##.# #.##
....##.# #..#
#.#.##.# ###
##.## ....# .#
##.####### #..#
....#
#.#.#....####.#
#####
#.#.#)....##..#
#.#'#.....)'..#
#.#......))'..#
#@#......).'..#
#J#.......##..#
J##......###..#
.# ########
#.## ## ..# .##


You could see a jelly and an endoplasm.

Vanquished Creatures
  An adder (D:2)
  A dart slug (D:1)
  6 ball pythons
  An endoplasm (D:1)
  A giant cockroach (D:1)
  7 goblins
  A hobgoblin (D:1)
  2 jackals (D:1)
  A quokka (D:2)
  2 bats (D:1)
  4 frilled lizards
  10 kobolds
  6 rats
43 creatures vanquished.

Vanquished Creatures (collateral kills)
  An endoplasm (D:2)
  3 goblins (D:1)
  A kobold (D:1)
5 creatures vanquished.

Vanquished Creatures (others)
  6 fungi (D:2)
  6 toadstools (D:2)
12 creatures vanquished.

Grand Total: 60 creatures vanquished

Notes
Turn   | Place    | Note
-------+----------+-------------------------------------------
     0 | D:1      | Bruhh the Ogre Necromancer began the quest for the Orb.
     0 | D:1      | Reached XP level 1. HP: 16/16 MP: 3/3
   349 | D:1      | Reached XP level 2. HP: 5/24 MP: 3/5
   753 | D:1      | Reached skill level 4 in Necromancy
   894 | D:1      | Reached XP level 3. HP: 25/31 MP: 1/7
  1265 | D:1      | Found a faded altar of an unknown god.
  1510 | D:1      | You fall into a shaft and drop 1 floor!
  2007 | D:2      | Learned a level 3 spell: Vampiric Draining
  2245 | D:2      | Reached XP level 4. HP: 36/39 MP: 1/9
  2352 | D:2      | Splashed by a jelly's acid

Illustrated notes

Levels and vault maps discovered:
D:1:      ncdulo_watergridlock, layout_loops_ring,
          nicolae_ecumenical_lake_church
D:2:      cheibrodos_fertilizer, layout_basic, minmay_surrounded

Skill      XL: |  1  2 |
---------------+-------+-----
Spellcasting   | 3 |  3.7
Necromancy     | 4 |  4.3
Dodging        | |  1.7
Stealth        | |  1.4

Action                   |  1- 3 |  4- 6 || total
-------------------------+-------+-------++-------
Melee: Unarmed           |    31 |       ||    31
       Dagger            |       |     4 ||     4
 Cast: Necrotize         |    69 |     4 ||    73
       Vampiric Draining |     1 |     1 ||     2
Armor: Robe              |    29 |     2 ||    31
Dodge: Dodged            |    36 |     3 ||    39

Table legend: (Time is in decaauts)
 A = Elapsed time spent in this place.
 B = Non-inter-level travel time spent in this place.
 C = Inter-level travel time spent in this place.
 D = Time resting spent in this place.
 E = Time spent auto-exploring this place.
 F = Levels seen in this place.
 G = Mean time per level.
                   A        B        C        D        E       F      G
               +--------+--------+--------+--------+--------+-----+--------+
         Total |   2354 |   2339 |     15 |    137 |   1909 |   2 | 1177.0 |
       Dungeon |   2354 |   2339 |     15 |    137 |   1909 |   2 | 1177.0 |
               +--------+--------+--------+--------+--------+-----+--------+

Top non-repeatable levels by time:
     D:1: 1832 daAuts
     D:2: 521 daAuts
